Map: 2000 Atmospheres LE

Players

JonSnow - Winner!

  • Race: Zerg Zerg

Rob

  • Race: Protoss Protoss

Event: DreamHack SC2 Masters 2021 Fall

VOD

Have the link to the VOD?

Description

Time

  • Played on: Aug. 7, 2021, 6:01 p.m.
  • Length: 13:37

All games in this series

Show
View Real Time Build Order
Export as new Build Order

JonSnow Zerg - Winner!

Build Orders: Hatch First 

Get SALT Encoding   

  12  0:01  Drone  
  13  0:12  Overlord  
  13  0:16  Drone  
  14  0:30  Drone x2  
  16  0:47  Hatchery  
  15  1:02  Spawning Pool  
  14  1:06  Drone  
  14  1:10  Drone  
  16  1:23  Drone  
  17  1:48  Spine Crawler  
  17  1:49  Zergling x6  
  17  1:51  Spine Crawler x2  
  17  1:52  Queen  
  19  2:00  Zergling x2  
  20  2:03  Zergling x2  
  21  2:10  Queen  
  23  2:20  Drone x2  
  23  2:21  Drone  
  28  2:23  Extractor  
  28  2:24  Drone  
  28  2:34  Overlord  
  26  2:56  Drone x5  
  31  2:58  Queen  
  33  3:11  Drone x2  
  35  3:14  Overlord  
  35  3:28  Overlord  
  35  3:30  Overlord  
  35  3:32  Overlord  
  35  3:34  Zergling x4  
  37  3:36  Queen  
  39  3:41  Drone  
  39  3:42  Drone x2  
  39  3:44  Drone  
  39  3:45  Drone  
  39  3:46  Drone x2  
  45  3:53  Metabolic Boost  
  45  3:54  Drone  
  45  3:55  Drone  
  46  3:59  Drone  
  46  4:00  Drone  
  47  4:03  Drone  
  47  4:05  Drone  
  47  4:07  Drone  
  50  4:12  Lair  
  50  4:15  Extractor  
  49  4:18  Drone x2  
  49  4:19  Extractor  
  49  4:21  Drone  
  51  4:24  Queen  
  53  4:32  Roach Warren  
  53  4:37  Spore Crawler  
  51  4:45  Drone x3  
  54  4:49  Hatchery  
  54  4:52  Overlord  
  53  4:56  Zergling x6  
  56  5:00  Spore Crawler  
  56  5:06  Queen  
  57  5:11  Nydus Network  
  56  5:21  Drone x6  
  61  5:25  Overlord  
  60  5:37  Roach x4  
  60  5:38  Roach  
  70  5:46  Queen  
  70  5:49  Glial Reconstitution  
  72  5:50  Roach  
  72  5:54  Nydus Canal  
  74  5:59  Roach  
  74  6:00  Roach x2  
  74  6:02  Roach  
  84  6:04  Roach  
  84  6:09  Nydus Canal  
  84  6:13  Queen, Overlord  
  86  6:21  Roach x2  
  88  6:39  Queen  
  88  6:41  Roach  
  88  6:43  Overlord  
  88  6:44  Roach x2  
  96  6:48  Overlord  
  96  6:49  Overlord  
  96  6:58  Overlord  
  96  7:01  Queen, Overlord x2  
  98  7:03  Spore Crawler  
  98  7:04  Roach x3  
  103  7:09  Roach x2  
  103  7:15  Overseer  
  107  7:17  Overseer  
  107  7:20  Roach x2  
  107  7:21  Roach x3  
  117  7:23  Roach  
  119  7:30  Overlord  
  119  7:31  Evolution Chamber  
  119  7:36  Drone x6  
  124  7:45  Spire  
  124  7:47  Extractor  
  124  7:49  Overseer  
  124  7:51  Drone x3  
  125  7:55  Drone  
  126  7:59  Drone x2  
  126  8:05  Extractor x2  
  127  8:07  Roach  
  127  8:08  Roach x2  
  132  8:18  Roach x5  
  142  8:22  Overlord  
  142  8:26  Overlord  
  142  8:33  Overlord  
  142  8:38  Drone x2  
  144  8:41  Drone  
  144  8:42  Drone x4  
  147  8:49  Overlord  
  147  8:50  Drone x6  
  147  8:54  Overlord  
  153  8:56  Zerg Missile Weapons Level 1  
  153  9:12  Overlord  
  153  9:14  Mutalisk x3  
  159  9:18  Zergling x2  
  159  9:20  Hatchery  
  159  9:21  Mutalisk x2  
  159  9:23  Mutalisk  
  165  9:30  Mutalisk x2  
  165  9:31  Mutalisk  
  168  9:34  Mutalisk  
  168  9:37  Ravager x2  
  174  9:44  Overlord x2  
  174  9:45  Overlord  
  174  9:49  Roach x3  
  174  9:50  Overseer  
  174  9:51  Overseer  
  180  9:54  Ravager  
  181  10:06  Roach  
  181  10:07  Roach x7  
  197  10:33  Roach x4  
  199  10:42  Baneling Nest  
  174  10:44  Zergling x28  
  186  10:55  Zergling x12  
  186  10:56  Zergling x6  
  185  11:01  Queen  
  185  11:02  Drone  
  185  11:03  Drone  
  189  11:06  Drone x2  
  189  11:09  Zerg Melee Weapons Level 1  
  191  11:13  Evolution Chamber  
  191  11:16  Zergling x8  
  194  11:23  Ravager x4  
  194  11:24  Zergling x4  
  194  11:25  Hatchery  
  199  11:29  Spine Crawler  
  199  11:30  Spore Crawler  
  199  11:32  Zergling x6  
  198  11:50  Zergling x2  
  198  11:51  Zergling x6  
  200  11:57  Baneling x4, Centrifical Hooks  
  200  12:02  Baneling x5  
  200  12:13  Overlord  
  200  12:18  Spine Crawler  
  200  12:19  Drone  
  200  12:20  Spine Crawler  
  199  12:28  Baneling x5  
  199  12:32  Zergling x2  
  199  12:37  Baneling x6  
  198  13:11  Ravager  
Show
View Real Time Build Order
Export as new Build Order

Rob Protoss 

Build Orders: 1 Gate Expand 

Get SALT Encoding   

  12  0:00  Probe  
  13  0:12  Probe  
  14  0:24  Probe  
  15  0:33  Pylon  
  15  0:51  Gateway x2  
  15  0:58  Probe  
  16  1:12  Nexus  
  16  1:15  Probe  
  17  1:27  Probe  
  18  1:36  Zealot (Chrono Boost)  
  18  1:37  Pylon  
  18  1:39  Probe (Chrono Boost)  
  21  1:44  Assimilator  
  21  1:49  Probe (Chrono Boost)  
  21  1:51  Assimilator  
  22  1:54  Probe (Chrono Boost)  
  23  2:05  Cybernetics Core  
  23  2:08  Probe  
  24  2:20  Probe  
  25  2:25  Probe  
  25  2:26  Gateway  
  26  2:32  Probe  
  27  2:37  Pylon  
  27  2:41  Shield Battery  
  27  2:42  Probe  
  27  2:54  Pylon  
  27  2:55  Probe x2  
  27  2:58  Adept (Chrono Boost)  
  28  3:07  Probe x2  
  29  3:13  Pylon  
  29  3:19  Probe x2  
  31  3:31  Probe  
  31  3:32  Stargate, Probe  
  32  3:38  Pylon  
  32  3:43  Probe (Chrono Boost)  
  32  3:47  Gateway  
  32  3:48  Probe (Chrono Boost)  
  34  3:55  Probe (Chrono Boost)  
  35  3:59  Probe (Chrono Boost)  
  36  4:03  Probe (Chrono Boost)  
  36  4:05  Probe (Chrono Boost)  
  37  4:10  Probe  
  37  4:12  Probe  
  37  4:14  Void Ray  
  39  4:20  Cybernetics Core  
  43  4:24  Probe  
  43  4:26  Gateway  
  43  4:28  Probe  
  45  4:40  Gateway  
  45  4:43  Gateway  
  45  4:45  Pylon  
  46  4:48  Probe  
  46  4:54  Warp Gate (Chrono Boost)  
  46  4:57  Pylon  
  46  4:58  Twilight Council  
  46  5:00  Adept (Chrono Boost)  
  46  5:04  Pylon, Probe x2  
  50  5:16  Probe x2  
  52  5:25  Adept x2  
  56  5:31  Gateway x2  
  56  5:32  Gateway  
  56  5:33  Resonating Glaives (Chrono Boost)  
  56  5:36  Robotics Facility  
  56  5:41  Gateway  
  56  5:46  Assimilator  
  56  5:48  Dark Shrine  
  56  5:51  Adept  
  58  6:07  Pylon  
  58  6:14  Shield Battery x2  
  58  6:28  Adept  
  58  6:29  Adept x5  
  58  6:31  Stalker  
  63  6:47  Stalker  
  63  6:50  Stalker x2  
  63  6:52  Stalker  
  67  7:02  Dark Templar  
  67  7:07  Assimilator  
  66  7:39  Assimilator  
  66  7:41  Pylon  
  62  7:53  Pylon x2  
  62  7:55  Pylon  
  62  7:59  Probe x2  
  64  8:08  Immortal (Chrono Boost)  
  64  8:11  Probe x2  
  70  8:14  Nexus  
  70  8:15  Robotics Bay  
  66  8:22  Dark Templar  
  66  8:23  Probe x2  
  70  8:31  Pylon  
  70  8:33  Stalker x2  
  74  8:35  Probe x2  
  76  8:47  Probe x2  
  78  8:49  Cybernetics Core  
  78  8:59  Probe x2  
  78  9:01  Disruptor (Chrono Boost), Archon  
  80  9:02  Blink (Chrono Boost)  
  83  9:11  Probe x2  
  85  9:23  Probe x2  
  87  9:26  Disruptor (Chrono Boost)  
  90  9:38  Probe x2  
  92  9:55  Disruptor (Chrono Boost)  
  92  9:56  Probe x2  
  97  10:05  Robotics Facility  
  97  10:11  Stalker x4  
  97  10:12  Stalker x2  
  109  10:19  Forge  
  109  10:20  Shield Battery  
  105  10:23  Nexus  
  93  10:38  Probe  
  95  10:43  Stalker x4  
  99  11:00  Nexus  
  99  11:04  Disruptor (Chrono Boost)  
  102  11:13  Nexus  
  102  11:20  Pylon  
  102  11:30  Robotics Facility  
  102  11:38  Disruptor  
  89  11:55  Pylon  
  89  11:56  Pylon  
  89  11:58  Pylon  
  89  12:00  Pylon  
  89  12:09  Pylon x2  
  89  12:11  Disruptor (Chrono Boost)  
  89  12:13  Probe x2  
  94  12:17  Dark Templar  
  96  12:27  Probe x2 (Chrono Boost)  
  99  12:30  Dark Templar  
  99  12:32  Probe (Chrono Boost)  
  99  12:36  Probe (Chrono Boost)  
  102  12:38  Probe (Chrono Boost)  
  102  12:40  Probe (Chrono Boost)  
  102  12:42  Probe  
  105  12:47  Probe  
  106  12:51  Probe  
  106  12:56  Observer  
  108  12:59  Probe  
  107  13:06  Stalker  
  107  13:07  Stalker  
  107  13:11  Probe  
  112  13:16  Pylon  
  112  13:22  Sentry  
  112  13:24  Dark Templar  
  110  13:33  Dark Templar  

Tags
 
Add a new tag
Caveats
  • Supply blocks, unpowered buildings, or Contaminate may cause inaccurate times.
  • Supply counts are checked every 10 seconds.